 Dungeon Crawl Stone Soup version 0.31-a0-1323-g0d4b2e2 (webtiles) character file.

Game seed: 2844280494047955821

2 Meow the Conjurer (level 1, -1/15 HPs)
             Began as a Naga Conjurer on Dec 20, 2023.
             Slain by a gnoll
             ... wielding a +0 spear
              (7 damage)
             ... on level 1 of the Dungeon.
             The game lasted 00:00:30 (56 turns).

Meow the Conjurer (Naga Conjurer)                     Turns: 56, Time: 00:00:31

Health: -1/15      AC:  1    Str:  9    XL:     1   Next: 40%
Magic:  3/3        EV:  9    Int: 18    God:
Gold:   0          SH:  0    Dex:  9    Spells: 3/4 levels left

rFire   . . .        (no weapon)
rCold   . . .        (no shield)
rNeg    . . .        a - +0 robe
rPois   +            (no helmet)
rElec   .            (no cloak)
rCorr   .            (no gloves)
SInv    +            (no barding)
Will    .....        (no amulet)
Stlth   ++           (no ring)
HPRegen 0.22/turn    (no ring)
MPRegen 0.08/turn

%: no passive effects
@: short of breath, very slow
A: AC +0, large, see invisible, deformed body, poison resistance, slowness 2,
spit poison 1, naga tail 1
a: Spit Poison


You were on level 1 of the Dungeon.
You visited 1 branch of the dungeon, and saw 1 of its levels.

Inventory:

Armour
 a - a +0 robe (worn)
Potions
 b - a potion of magic


   Skills:
 - Level 1.5 Dodging
 - Level 3.0 Stealth
 + Level 2.1 Spellcasting
 + Level 4.0 Conjurations


You had 3 spell levels left.
You knew the following spells:

 Your Spells              Type           Power      Damage    Failure   Level
a - Magic Dart            Conj           64%        1d6       3%          1

Your spell library contained the following spells:

 Spells                   Type           Power      Damage    Failure   Level
 Searing Ray              Conj           32%        2d5       4%          2
 Fulminant Prism          Conj/Alch      4%         3d5       61%         4
 Iskenderun's Mystic Bla  Conj/Tloc      9%         2d4       61%         4


Dungeon Overview and Level Annotations

Branches:
Dungeon (1/15)

Altars:


Innate Abilities, Weirdness & Mutations

Your serpentine skin is tough. (AC +0)
You have supernaturally acute eyesight. (SInv)
Armour fits poorly on your strangely shaped body.
Your system is resistant to poisons. (rPois)
You cover ground very slowly.
You can spit poison.
You have a snake-like lower body.


Message History

Unknown command.
The ball python barely misses you.
You have got your breath back.
Casting: Magic Dart (safe; 3% risk of failure)
Confirm with . or Enter, or press ? or * to list all spells.
You don't have enough magic to cast this spell.
Unknown command.
Unknown command.
The ball python bites you.
Aiming: Spit Poison (3% risk of failure)
Press: ? - help, Shift-Dir - straight line, f/p - ball python
Aim: a ball python (48% to hit)
The splash of poison hits the ball python.
You kill the ball python!
Unknown command.
Okay, then.
You start resting.
You have got your breath back.
You start resting.
HP restored.
You start resting.
Magic restored.
A rat and a gnoll come into view.
The gnoll shouts!
The rat squeaks loudly.
You hear a shout!
The bat hits you but does no damage.
The gnoll hits you from afar with a +0 spear!
Ouch! That really hurt!
You see here 8 gold pieces.
The bat hits you.
Aiming: Spit Poison (3% risk of failure)
Press: ? - help, Shift-Dir - straight line, f - gnoll
Aim: a gnoll, wielding a +0 spear and quivering stones (59% to hit)
The splash of poison hits the gnoll.
The gnoll is lightly wounded.
Unknown command.
A hobgoblin comes into view.
The hobgoblin shouts!
You hear an angry hiss.
The gnoll attacks as it pursues you!
The gnoll hits you from afar with a +0 spear!
You die...

.... ..$ ... ### #..
..# #.. .... #.# #.#
#...g #.#.# #....#
##.## #...#.###.#.##
####... #.#.#.#.#
....... ##@#.<.#.#
.$....g##.#.#.#.#[#
.......#g###.#.###.#
......b$## ##.## #.#
....##...# #.# .# .
..##..# #.# . ....
.r.# #.. ..... .....
## ..... ......


You could see a gnoll, a hobgoblin and a bat.

Vanquished Creatures
  2 ball pythons (D:1)
  A rat (D:1)
3 creatures vanquished.

Notes
Turn   | Place    | Note
-------+----------+-------------------------------------------
     0 | D:1      | Meow the Naga Conjurer began the quest for the Orb.
     0 | D:1      | Reached XP level 1. HP: 15/15 MP: 3/3
    56 | D:1      | Slain by a gnoll

Illustrated notes

Levels and vault maps discovered:
D:1:      minmay_arrival_diagonal_passages, layout_rooms

Action                     || total
---------------------------++-------
   Cast: Magic Dart        ||     3
Ability: Spit Poison       ||     4
 Armour: Robe              ||     7
  Dodge: Dodged            ||     3

Table legend: (Time is in decaauts)
 A = Elapsed time spent in this place.
 B = Non-inter-level travel time spent in this place.
 C = Inter-level travel time spent in this place.
 D = Time resting spent in this place.
 E = Time spent auto-exploring this place.
 F = Levels seen in this place.
 G = Mean time per level.
                   A        B        C        D        E       F      G
               +--------+--------+--------+--------+--------+-----+--------+
         Total |     65 |     65 |      0 |     26 |     16 |   1 |   65.0 |
       Dungeon |     65 |     65 |      0 |     26 |     16 |   1 |   65.0 |
               +--------+--------+--------+--------+--------+-----+--------+

Top non-repeatable levels by time:
     D:1: 65 daAuts
